SA
TENNESSEE SMOKIES @ WASHINGTON GENERALS
09/04/2037
 
TOP OF THE 1ST
Tennessee Smokies batting - Pitching for Washington Generals : LHP Bryan Williams
Pitching: LHP Bryan Williams
Batting: RHB Tony Juderías 0-0: Called Strike
0-1: Swinging Strike
0-2: Strikes out swinging
Batting: RHB Gonzalo Quintanilla 0-0: Ball
1-0: Called Strike
1-1: DOUBLE (Flyball, 8RD, EV 101.9 MPH)
Batting: RHB Joel Iyiegbuniwe 0-0: Ball
1-0: Ball
2-0: TRIPLE (Flyball, 89XD, EV 98.8 MPH)
Gonzalo Quintanilla scores
Batting: LHB Warren King 0-0: Called Strike
0-1: Fly out, F8 (Flyball, 8LD, EV 93.8 MPH)
Runner from 3rd tags up, SCORES, throw by CF
Batting: RHB Miguel Silva 0-0: Called Strike
0-1: Ball
1-1: Called Strike
1-2: Hit by Pitch
Batting: SHB Jorge Indiano 0-0: Swinging Strike
0-1: Foul Ball, location: 2F
0-2: Ball
1-2: Fly out, F3 (Popup, 3SF, EV 73.1 MPH)
Top of the 1st over - 2 runs, 2 hits, 0 errors, 1 left on base; Tennessee 2 - Washington 0
BOTTOM OF THE 1ST
Washington Generals batting - Pitching for Tennessee Smokies : RHP Ainanani Iosepa
Pitching: RHP Ainanani Iosepa
Batting: RHB Bartolo Álvarez 0-0: Foul Ball, location: 2F
0-1: Ball
1-1: Called Strike
1-2: Strikes out swinging
Batting: LHB Bill Butler 0-0: Fly out, F6 (Line Drive, 6, EV 76.9 MPH)
Batting: RHB Francisco Alhama 0-0: Fly out, F7 (Flyball, 78M, EV 98.1 MPH)
Bottom of the 1st over - 0 runs, 0 hits, 0 errors, 0 left on base; Tennessee 2 - Washington 0
TOP OF THE 2ND
Tennessee Smokies batting - Pitching for Washington Generals : LHP Bryan Williams
Batting: RHB Bernardo Rodríguez 0-0: Foul Ball, location: 2F
0-1: Swinging Strike
0-2: Strikes out swinging
Batting: SHB Mo Meaker 0-0: Swinging Strike
0-1: Called Strike
0-2: Ball
1-2: SINGLE (Line Drive, 9LS, EV 106.9 MPH)
Batting: LHB Carel van Putten 0-0: Called Strike
0-1: Ball
1-1: Swinging Strike
1-2: Ball
2-2: Strikes out looking
Batting: RHB Tony Juderías 0-0: Ball
1-0: Ball
2-0: Fly out, F7 (Line Drive, 7LM, EV 98.8 MPH)
Top of the 2nd over - 0 runs, 1 hit, 0 errors, 1 left on base; Tennessee 2 - Washington 0
BOTTOM OF THE 2ND
Washington Generals batting - Pitching for Tennessee Smokies : RHP Ainanani Iosepa
Batting: LHB Stanley Zijm 0-0: Ball
1-0: Ball
2-0: Ball
3-0: Called Strike
3-1: Fly out, F8 (Line Drive, 8RD, EV 85.6 MPH)
Batting: RHB Nick Harper 0-0: Called Strike
0-1: Ball
1-1: Swinging Strike
1-2: Ball
2-2: Strikes out swinging
Batting: LHB Sherman Hoffman 0-0: Ground out 6-3 (Groundball, 6, EV 94.4 MPH)
Bottom of the 2nd over - 0 runs, 0 hits, 0 errors, 0 left on base; Tennessee 2 - Washington 0
TOP OF THE 3RD
Tennessee Smokies batting - Pitching for Washington Generals : LHP Bryan Williams
Batting: RHB Gonzalo Quintanilla 0-0: Called Strike
0-1: Foul Ball, location: 2F
0-2: Ball
1-2: Strikes out swinging
Batting: RHB Joel Iyiegbuniwe 0-0: Ground out 4-3 (Groundball, 4S, EV 69.4 MPH)
Batting: LHB Warren King 0-0: Swinging Strike
0-1: Called Strike
0-2: Foul Ball, location: 2F
0-2: Strikes out swinging
Top of the 3rd over - 0 runs, 0 hits, 0 errors, 0 left on base; Tennessee 2 - Washington 0
BOTTOM OF THE 3RD
Washington Generals batting - Pitching for Tennessee Smokies : RHP Ainanani Iosepa
Batting: RHB Layton Arntsen 0-0: Ball
1-0: Ground out 6-3 (Groundball, 6, EV 86.9 MPH)
Batting: SHB Jake Pinto 0-0: Foul Ball, location: 2F
0-1: Ball
1-1: DOUBLE (Flyball, 8RD, EV 106.9 MPH)
Batting: RHB Curt Cote 0-0: Ball
1-0: Foul Ball, location: 2F
1-1: Swinging Strike
1-2: Ball
2-2: Strikes out looking
Batting: RHB Bartolo Álvarez 0-0: Called Strike
0-1: Ball
1-1: Called Strike
1-2: Strikes out swinging
Bottom of the 3rd over - 0 runs, 1 hit, 0 errors, 1 left on base; Tennessee 2 - Washington 0
TOP OF THE 4TH
Tennessee Smokies batting - Pitching for Washington Generals : LHP Bryan Williams
Batting: RHB Miguel Silva 0-0: Ball
1-0: Called Strike
1-1: Called Strike
1-2: Fly out, F7 (Flyball, 7LD, EV 98.1 MPH)
Batting: SHB Jorge Indiano 0-0: Fly out, F8 (Flyball, 89D, EV 90.6 MPH)
Batting: RHB Bernardo Rodríguez 0-0: Ball
1-0: Ball
2-0: Called Strike
2-1: Called Strike
2-2: Strikes out swinging
Top of the 4th over - 0 runs, 0 hits, 0 errors, 0 left on base; Tennessee 2 - Washington 0
BOTTOM OF THE 4TH
Washington Generals batting - Pitching for Tennessee Smokies : RHP Ainanani Iosepa
Batting: LHB Bill Butler 0-0: Called Strike
0-1: Foul Ball, location: 2F
0-2: Ball
1-2: Ball
2-2: Ball
3-2: Base on Balls
Batting: RHB Francisco Alhama 0-0: Ball
1-0: Foul Ball, location: 2F
1-1: Ball
2-1: Ball
3-1: Foul Ball, location: 2F
3-2: Strikes out swinging
Bill Butler is caught stealing 2nd base 2-4
Batter strikes out.
Batting: LHB Stanley Zijm 0-0: Called Strike
0-1: Foul Ball, location: 2F
0-2: Ball
1-2: Foul Ball, location: 2F
1-2: Foul Ball, location: 2F
1-2: Strikes out swinging
Bottom of the 4th over - 0 runs, 0 hits, 0 errors, 0 left on base; Tennessee 2 - Washington 0
TOP OF THE 5TH
Tennessee Smokies batting - Pitching for Washington Generals : LHP Bryan Williams
Batting: SHB Mo Meaker 0-0: Called Strike
0-1: Ball
1-1: Ball
2-1: Ground out 1-3 (Groundball, 13S, EV 74.4 MPH)
Batting: LHB Carel van Putten 0-0: Called Strike
0-1: Ball
1-1: Foul Ball, location: 2F
1-2: Foul Ball, location: 2F
1-2: Foul Ball, location: 2F
1-2: Ball
2-2: Strikes out swinging
Pitching: RHP Floyd Moran
Batting: RHB Tony Juderías 0-0: Called Strike
0-1: Ball
1-1: Foul Ball, location: 2F
1-2: Fly out, F8 (Flyball, 89D, EV 89.4 MPH)
Top of the 5th over - 0 runs, 0 hits, 0 errors, 0 left on base; Tennessee 2 - Washington 0
BOTTOM OF THE 5TH
Washington Generals batting - Pitching for Tennessee Smokies : RHP Ainanani Iosepa
Batting: RHB Nick Harper 0-0: Ball
1-0: Foul Ball, location: 2F
1-1: Ball
2-1: Ball
3-1: Fly out, F5 (Popup, 56S, EV 70.0 MPH)
Batting: LHB Sherman Hoffman 0-0: Called Strike
0-1: Ball
1-1: Foul Ball, location: 2F
1-2: Strikes out swinging
Batting: RHB Layton Arntsen 0-0: Foul Ball, location: 2F
0-1: SINGLE (Groundball, 4D, EV 101.2 MPH)
Batting: SHB Jake Pinto 0-0: Called Strike
0-1: Foul Ball, location: 2F
0-2: SINGLE (Groundball, 34D, EV 106.2 MPH)
Layton Arntsen to second
Runner from 2nd tries for 3rd, SAFE, throw by RF made to third
Batting: RHB Curt Cote 0-0: Called Strike
0-1: Foul Ball, location: 2F
0-2: Foul Ball, location: 2F
0-2: Ball
1-2: Fly out, F9 (Flyball, 9, EV 85.0 MPH)
Bottom of the 5th over - 0 runs, 2 hits, 0 errors, 2 left on base; Tennessee 2 - Washington 0
TOP OF THE 6TH
Tennessee Smokies batting - Pitching for Washington Generals : RHP Floyd Moran
Batting: RHB Gonzalo Quintanilla 0-0: Foul Ball, location: 2F
0-1: Fly out, F9 (Flyball, 89D, EV 90.6 MPH)
Batting: RHB Joel Iyiegbuniwe 0-0: Foul Ball, location: 2F
0-1: Ground out U3 (Groundball, 3, EV 105.0 MPH)
Batting: LHB Warren King 0-0: Called Strike
0-1: Ball
1-1: Ball
2-1: Ball
3-1: Called Strike
3-2: Base on Balls
Batting: RHB Miguel Silva 0-0: Foul Ball, location: 2F
0-1: Ground out 1-3 (Groundball, 34S, EV 63.1 MPH)
Top of the 6th over - 0 runs, 0 hits, 0 errors, 1 left on base; Tennessee 2 - Washington 0
BOTTOM OF THE 6TH
Washington Generals batting - Pitching for Tennessee Smokies : RHP Ainanani Iosepa
Batting: RHB Bartolo Álvarez 0-0: Ball
1-0: Called Strike
1-1: Swinging Strike
1-2: Strikes out swinging
Batting: LHB Bill Butler 0-0: Foul Ball, location: 2F
0-1: Swinging Strike
0-2: Foul Ball, location: 2F
0-2: Ball
1-2: Ball
2-2: Ground out 3-1 (Groundball, 34, EV 108.1 MPH)
Batting: RHB Francisco Alhama 0-0: Called Strike
0-1: Ball
1-1: Ball
2-1: Ball
3-1: Foul Ball, location: 2F
3-2: Foul Ball, location: 2F
3-2: Fly out, F3 (Popup, 3SF, EV 68.8 MPH)
Bottom of the 6th over - 0 runs, 0 hits, 0 errors, 0 left on base; Tennessee 2 - Washington 0
TOP OF THE 7TH
Tennessee Smokies batting - Pitching for Washington Generals : RHP Floyd Moran
Batting: SHB Jorge Indiano 0-0: Ground out 6-3 (Groundball, 6, EV 81.2 MPH)
Batting: RHB Bernardo Rodríguez 0-0: Ball
1-0: Swinging Strike
1-1: Ball
2-1: Foul Ball, location: 2F
2-2: Strikes out swinging
Batting: SHB Mo Meaker 0-0: Ball
1-0: Swinging Strike
1-1: Ball
2-1: Ball
3-1: Fly out, F9 (Flyball, 9, EV 93.8 MPH)
Top of the 7th over - 0 runs, 0 hits, 0 errors, 0 left on base; Tennessee 2 - Washington 0
BOTTOM OF THE 7TH
Washington Generals batting - Pitching for Tennessee Smokies : RHP Ainanani Iosepa
Batting: LHB Stanley Zijm 0-0: Called Strike
0-1: Called Strike
0-2: Fly out, F8 (Flyball, 8LM, EV 93.8 MPH)
Batting: RHB Nick Harper 0-0: Ball
1-0: Ball
2-0: Foul Ball, location: 2F
2-1: Foul Ball, location: 2F
2-2: Ground out 5-3 (Groundball, 56, EV 77.5 MPH)
Batting: LHB Sherman Hoffman 0-0: Ball
1-0: Called Strike
1-1: Called Strike
1-2: Fly out, F7 (Line Drive, 7, EV 83.1 MPH)
Bottom of the 7th over - 0 runs, 0 hits, 0 errors, 0 left on base; Tennessee 2 - Washington 0
TOP OF THE 8TH
Tennessee Smokies batting - Pitching for Washington Generals : RHP Floyd Moran
Batting: LHB Carel van Putten 0-0: Ball
1-0: Ground out 4-3 (Groundball, 4, EV 81.2 MPH)
Batting: RHB Tony Juderías 0-0: DOUBLE (Line Drive, 9LS, EV 102.5 MPH)
Batting: RHB Gonzalo Quintanilla 0-0: TRIPLE (Flyball, 89D, EV 93.1 MPH)
Tony Juderías scores
Batting: RHB Joel Iyiegbuniwe 0-0: Swinging Strike
0-1: Ground out 4-3 (Groundball, 4, EV 88.8 MPH)
Gonzalo Quintanilla scores
Batting: LHB Warren King 0-0: Fly out, F2 (Popup, 2RF, EV 90.0 MPH)
Top of the 8th over - 2 runs, 2 hits, 0 errors, 0 left on base; Tennessee 4 - Washington 0
BOTTOM OF THE 8TH
Washington Generals batting - Pitching for Tennessee Smokies : RHP Ainanani Iosepa
Pitching: RHP Perry MacAldonich
Batting: RHB Layton Arntsen 0-0: Called Strike
0-1: Called Strike
0-2: SINGLE (Line Drive, 8RS, EV 89.4 MPH)
Batting: SHB Jake Pinto 0-0: Called Strike
0-1: Ball
1-1: Swinging Strike
1-2: Foul Ball, location: 2F
1-2: Strikes out swinging
Batting: RHB Curt Cote 0-0: Called Strike
0-1: Foul Ball, location: 2F
0-2: Ball
1-2: Fielders Choice at 2nd, 1-6 (Groundball, 23, EV 79.4 MPH)
Batting: RHB Bartolo Álvarez 0-0: Ball
1-0: Ball
2-0: Swinging Strike
2-1: Swinging Strike
2-2: Ball
3-2: Strikes out swinging
Bottom of the 8th over - 0 runs, 1 hit, 0 errors, 1 left on base; Tennessee 4 - Washington 0
TOP OF THE 9TH
Tennessee Smokies batting - Pitching for Washington Generals : RHP Floyd Moran
Pitching: RHP Van Hileman
Batting: RHB Miguel Silva 0-0: Ball
1-0: SINGLE (Groundball, 6MD, EV 93.8 MPH)
Batting: SHB Jorge Indiano 0-0: Sac Bunt to 2R - play at first, batter OUT! 2-3
Miguel Silva to second
Batting: RHB Bernardo Rodríguez 0-0: Ball
1-0: Ball
2-0: Swinging Strike
2-1: Ball
3-1: Foul Ball, location: 2F
3-2: Fly out, F8 (Flyball, 8LD, EV 108.1 MPH)
Batting: SHB Mo Meaker 0-0: Called Strike
0-1: Ball
1-1: Ball
2-1: Foul Ball, location: 2F
2-2: Ball
3-2: Foul Ball, location: 2F
3-2: Base on Balls
Batting: LHB Carel van Putten 0-0: Called Strike
0-1: Ball
1-1: Ball
2-1: Fly out, F7 (Flyball, 7LD, EV 108.8 MPH)
Top of the 9th over - 0 runs, 1 hit, 0 errors, 2 left on base; Tennessee 4 - Washington 0
BOTTOM OF THE 9TH
Washington Generals batting - Pitching for Tennessee Smokies : RHP Perry MacAldonich
Batting: LHB Bill Butler 0-0: Ball
1-0: Ball
2-0: Ball
3-0: Called Strike
3-1: Base on Balls
Batting: RHB Francisco Alhama 0-0: Foul Ball, location: 2F
0-1: Fly out, F3 (Popup, 34S, EV 72.5 MPH)
Batting: LHB Stanley Zijm 0-0: Swinging Strike
0-1: Called Strike
0-2: Ball
1-2: Fielders Choice at 2nd, 4-6 (Groundball, 34, EV 106.9 MPH)
Batting: RHB Nick Harper 0-0: Ball
1-0: Called Strike
1-1: Foul Ball, location: 2F
1-2: Ball
2-2: Ball
3-2: Base on Balls
Stanley Zijm to second
Pitching: LHP Joe Gram
Batting: LHB Sherman Hoffman 0-0: Ball
1-0: Foul Ball, location: 2F
1-1: Foul Ball, location: 2F
1-2: Ball
2-2: Ground out 6-3 (Groundball, 6S, EV 81.9 MPH)
Bottom of the 9th over - 0 runs, 0 hits, 0 errors, 2 left on base; Tennessee 4 - Washington 0
Thursday, January 23rd, 2020 - OOTP Baseball 20.8 Build 74